 Dungeon Crawl Stone Soup version 0.25-a0-860-gf695395b5c (webtiles) character file.

Game seed: 1967437497720657990, levelgen mode: deterministic

37168 tilp the Quickloader (level 14, -5/88 HPs)
             Began as a Kobold Arcane Marksman on Apr 26, 2020.
             Was a High Priest of Okawaru.
             Slain by a spriggan rider
             ... wielding a +0 spear
              (24 damage)
             ... on level 6 of the Lair of Beasts on Apr 27, 2020.
             The game lasted 01:04:05 (23937 turns).

tilp the Quickloader (Kobold Arcane Marksman)      Turns: 23937, Time: 01:04:06

Health: -5/88      AC: 13    Str: 11    XL:     14   Next: 27%
Magic:  14/20      EV: 21    Int: 16    God:    Okawaru [*****.]
Gold:   1076       SH:  5    Dex: 18    Spells: 11/21 levels left

rFire    + . .     SeeInvis +   a - +1 arbalest of Dishonesty {elec, rF+ SInv}
rCold    . . .     Gourm    .   (shield currently unavailable)
rNeg     . . .     Faith    .   O - +4 leather armour of Democracy {+Blink rElec MR+}
rPois    .         Spirit   .   F - +1 helmet (curse)
rElec    +         Reflect  +   o - +2 cloak
rCorr    .         Harm     .   (no gloves)
MR       ++...                  (no boots)
Stlth    ++++......             B - +5 amulet of reflection
HPRegen  0.24/turn              q - +3 ring of dexterity
MPRegen  0.17/turn              w - +1 ring of evasion

@: portal projectile
A: small, carnivore
a: Heroism, Finesse, Renounce Religion, Cancel Portal Projectile, Evoke Blink


You were on level 6 of the Lair of Beasts.
You worshipped Okawaru.
Okawaru was extremely pleased with you.
You were completely stuffed.

You visited 3 branches of the dungeon, and saw 18 of its levels.

You collected 1254 gold pieces.
You spent 178 gold pieces at shops.

Inventory:

Hand Weapons
 a - the +1 arbalest of Dishonesty (weapon) {elec, rF+ SInv}
   (Okawaru gifted it to you on level 1 of the Lair of Beasts)

   It charges the ammunition it shoots with electricity; occasionally upon a
   hit, such missiles may discharge and cause terrible harm.
   It protects you from fire.
   It lets you see invisible.
 b - a +9 eveningstar of freezing
 v - a +3 morningstar of flaming
Missiles
 d - 220 bolts (quivered)
 e - 2 silver boomerangs
 j - 19 poisoned darts
 t - 4 boomerangs
Armour
 o - a +2 cloak (worn)
 F - a cursed +1 helmet (worn)
 O - the +4 leather armour of Democracy (worn) {+Blink rElec MR+}
   (You found it on level 9 of the Dungeon)

   It insulates you from electricity.
   It affects your resistance to hostile enchantments.
   It lets you blink.
Jewellery
 q - a +3 ring of dexterity (left hand)
 w - a +1 ring of evasion (right hand)
 z - an uncursed ring of positive energy
 B - a +5 amulet of reflection (around neck)
 S - an uncursed amulet of faith
 X - an uncursed ring of resist corrosion
Wands
 s - a wand of enslavement (17)
 x - a wand of paralysis (5)
 R - a wand of acid (2)
 U - a wand of flame (10)
Scrolls
 i - 2 scrolls of immolation
 k - 4 scrolls of fear
 p - 5 scrolls of teleportation
 u - a scroll of blinking
 A - a scroll of summoning {unknown}
 C - a scroll of torment {unknown}
 D - 2 scrolls of magic mapping
 I - a scroll of amnesia
 M - 7 scrolls of remove curse
 P - 2 scrolls of fog
 T - a scroll of silence {unknown}
Potions
 f - a potion of heal wounds
 g - a potion of stabbing
 h - 3 potions of ambrosia
 l - 2 potions of lignification
 n - 2 potions of curing
 r - 8 potions of flight
 G - 3 potions of might
 H - 2 potions of mutation
 J - a potion of invisibility
 L - a potion of cancellation
 N - a potion of magic
 Q - a potion of brilliance
 W - 2 potions of resistance
Miscellaneous
 E - a phial of floods
 Y - a tin of tremorstones
 Z - a lightning rod (4/4)
Comestibles
 c - 36 rations
 m - 10 chunks of flesh


   Skills:
 - Level 10.0 Fighting
 - Level 6.0 Maces & Flails
 - Level 14.0 Crossbows
 - Level 5.0 Armour
 - Level 8.0 Dodging
 - Level 8.0 Stealth
   Level 4.0 Shields
 - Level 4.0 Spellcasting
 - Level 8.0 Hexes
 + Level 9.2 Invocations
 - Level 6.0 Evocations


You had 11 spell levels left.
You knew the following spells:

 Your Spells              Type           Power        Failure   Level  Hunger
a - Corona                Hex            ####...      1%          1    None
b - Slow                  Hex            ####....     1%          2    ##.....
c - Portal Projectile     Hex/Tloc       ###...       12%         3    ###....
d - Cause Fear            Hex            ####......   8%          4    ####...

Your spell library contained the following spells:

 Spells                   Type           Power        Failure   Level  Hunger
 Confusing Touch          Hex            ####....     2%          3    ###....
 Inner Flame              Hex/Fire       ###.....     12%         3    ###....
 Spectral Weapon          Hex/Chrm       ###.....     12%         3    ###....
 Animate Skeleton         Necr           N/A          22%         1    None
 Foxfire                  Conj/Fire      #...         22%         1    None
 Pain                     Necr           #...         22%         1    None
 Leda's Liquefaction      Hex/Erth       ###.......   38%         4    ####...
 Conjure Flame            Conj/Fire      #.......     54%         3    ###....
 Gell's Gravitas          Tloc           #.........   54%         3    ###....
 Spider Form              Tmut/Pois      #.........   54%         3    ###....
 Vampiric Draining        Necr           #.........   54%         3    ###....
 Metabolic Englaciation   Hex/Ice        ###.......   75%         5    ######.
 Yara's Violent Unravell  Hex/Tmut       ###.......   75%         5    ######.
 Animate Dead             Necr           N/A          91%         4    ####...
 Petrify                  Tmut/Erth      #.......     91%         4    ####...
 Sticky Flame             Conj/Fire      #.......     91%         4    ####...
 Agony                    Necr           #.......     99%         5    ######.
 Fireball                 Conj/Fire      #.........   99%         5    ######.


Dungeon Overview and Level Annotations

Branches:
Dungeon (11/15)            Temple (1/1) D:4            Lair (6/6) D:11
 Shoals (0/4) Lair:3        Snake (0/4) Lair:4        Slime (0/5) Lair:6
    Orc (0/2) D:11

Altars:
Ashenzari
Cheibriados
Dithmenos
Elyvilon
Fedhas
Gozag
Hepliaklqana
Kikubaaqudgha
Makhleb
Nemelex Xobeh
Okawaru
Qazlal
Ru
Sif Muna
Trog
Uskayaw
Vehumet
Wu Jian
Xom
Yredelemnul
Zin
The Shining One
Jiyva

Shops:
D:8 ?!:

Annotations:
D:8 exclusions: human and two-headed ogre
Lair:1 3 runed translucent doors, Lavandula's ghost, journeyman VSCK
Lair:3 1 runed translucent door, Weocefet's ghost, journeyman DDFi
Lair:4 3 runed translucent doors, exclusion: oklob plant, kMk's ghost, journeyman DrIE


Innate Abilities, Weirdness & Mutations

You are small and have problems with some larger weapons.
You are carnivorous and can eat meat at any time.


Message History

Aim: a spriggan rider, wielding a +0 spear (moderately wounded)
You magically shoot a bolt.
The bolt hits the spriggan rider!
The spriggan rider is heavily wounded.
The polar bear completely misses you. You block the polar bear's attack.
The polar bear barely misses you.
The spriggan rider hits you from afar with a +0 spear!
* * * LOW HITPOINT WARNING * * *
Unknown command.
Firing (i - inventory. (/) - cycle)
d - 221 bolts (quivered)
Press: ? - help, Shift-Dir - straight line, f/p - spriggan rider
Aim: a spriggan rider, wielding a +0 spear (heavily wounded)
You magically shoot a bolt.
The bolt barely misses the spriggan rider.
The polar bear bites you!
* * * LOW HITPOINT WARNING * * *
The polar bear claws you.
* * * LOW HITPOINT WARNING * * *
The polar bear claws you but does no damage.
The spriggan rider hits you from afar with a +0 spear!!
You die...

♣♣..♣.♣♣
♣.♣♣♣
..P.# #.
♣.♣♣♣.
♣♣..♣
P.P# ##
♣.. .♣
♣..♣♣♣
P## #.
♣.. ..
♣♣....♣
## ♣.♣
..♣
♣.♣...♣
#. ♣ ♣.♣
♣.....♣
#### ..
♣....♣♣
.##.#.
♣♣...♣
......
♣♣@.♣♣
.##.#.
♣....
♣♣h♣♣♣
###.
♣....
♣Yi♣ ##
♣....♣
♣♣h♣♣ ##
♣.....♣
♣♣.Y♣
#..##.


♣.YYYhY ♣...♣ ...... Y.Y..♣♣..♣♣ ###... ♣♣i.♣..♣♣ #... ♣.....♣♣ ###P You could
see a spriggan rider, a polar bear, 2 yaks and a wolf.

Vanquished Creatures
  4 hydras
  3 two-headed ogres
  3 death yaks (D:11)
  Urug (Lair:1)
  Pikel (D:4)
  2 elephants (Lair:5)
  6 black mambas
  A gargoyle (D:10)
  14 spiny frogs
  A rime drake (Lair:4)
  4 komodo dragons
  3 polar bears
  A queen bee (Lair:3)
  A hornet (Lair:6)
  Prince Ribbit (D:7)
  2 hippogriffs
  8 dream sheep
  10 blink frogs
  2 wyverns
  47 yaks
  3 spriggans (Lair:6)
  4 basilisks
  A hungry ghost (D:10)
  Menkaure (D:7)
  18 water moccasins
  9 porcupines
  Duvessa (D:5)
  A slave (D:4)
  2 necrophages (D:10)
  A sky beast (D:8)
  3 black bears
  6 wolves (Lair:6)
  A boggart (Lair:6)
  2 ogres
  3 centaurs
  8 crocodiles
  Blork the orc (D:5)
  5 bullfrogs
  Dowan (D:5)
  A scorpion (D:8)
  19 killer bees
  A howler monkey (D:4)
  4 crimson imps
  3 bullfrog zombies
  5 jellies
  9 hounds
  5 centaur skeletons
  A centaur zombie (D:5)
  4 orc priests
  5 orc wizards
  2 bullfrog skeletons (D:6)
  Jessica (D:2)
  4 iguanas
  7 worker ants
  Ijyb (D:3)
  A statue (D:7)
  A hound zombie (D:8)
  A hound skeleton (D:7)
  7 gnolls (D:8)
  11 adders
  3 shadow imps
  3 oozes
  2 adder zombies
  An adder skeleton (D:8)
  3 worms
  4 dart slugs
  4 leopard geckos
  29 orcs
  7 giant cockroaches
  13 goblins
  5 hobgoblins
  6 jackals
  9 kobolds
  6 quokkas
  4 ball pythons
  12 bats
  A frilled lizard (D:1)
  A jackal skeleton (D:7)
  3 leopard gecko zombies
  9 rats
  A plant (Lair:2)
405 creatures vanquished.

Vanquished Creatures (others)
  A cyclops (D:11)
  A hippogriff (D:11)
  An orc warrior (D:11)
  A bullfrog (D:11)
  A worker ant (D:11)
  2 human simulacra (D:11)
  A river rat (D:11)
  3 orcs (D:11)
  A quokka (D:11)
  2 fungi (Lair:4)
  3 plants
17 creatures vanquished.

Grand Total: 422 creatures vanquished

Notes
Turn   | Place    | Note
-------+----------+-------------------------------------------
     0 | D:1      | tilp the Kobold Arcane Marksman began the quest for the
                  | Orb.
     0 | D:1      | Reached XP level 1. HP: 12/12 MP: 2/2
    23 | D:1      | Reached skill level 3 in Crossbows
    39 | D:1      | Reached XP level 2. HP: 16/16 MP: 3/3
    43 | D:1      | Learned a level 2 spell: Slow
   543 | D:1      | Reached skill level 4 in Crossbows
   543 | D:1      | Reached XP level 3. HP: 20/20 MP: 2/4
  1043 | D:2      | Noticed Jessica
  1482 | D:2      | Reached XP level 4. HP: 25/25 MP: 5/5
  1578 | D:2      | Killed Jessica
  1578 | D:2      | Reached skill level 5 in Crossbows
  2299 | D:2      | Reached XP level 5. HP: 24/29 MP: 6/6
  2659 | D:3      | Reached skill level 6 in Crossbows
  3383 | D:3      | Reached XP level 6. HP: 32/37 MP: 5/7
  3664 | D:3      | Noticed Ijyb
  3689 | D:3      | Killed Ijyb
  4163 | D:4      | Found a staircase to the Ecumenical Temple.
  4180 | D:4      | Noticed an ogre
  4187 | Temple   | Entered the Ecumenical Temple
  4412 | Temple   | Became a worshipper of Warmaster Okawaru
  4490 | D:4      | Killed an ogre
  4490 | D:4      | Reached XP level 7. HP: 43/43 MP: 6/10
  4744 | D:4      | Noticed Pikel
  4779 | D:4      | Killed Pikel
  4779 | D:4      | Reached * piety under Okawaru
  4779 | D:4      | Reached XP level 8. HP: 44/48 MP: 9/11
  5111 | D:5      | Entered Level 5 of the Dungeon
  5147 | D:5      | Noticed Duvessa
  5148 | D:5      | Noticed Dowan
  5539 | D:5      | Reached ** piety under Okawaru
  5539 | D:5      | Reached skill level 5 in Invocations
  5619 | D:5      | Noticed Blork the orc
  6040 | D:6      | Reached skill level 1 in Stealth
  6238 | D:6      | Reached XP level 9. HP: 52/52 MP: 13/13
  6244 | D:6      | Learned a level 3 spell: Portal Projectile
  6249 | D:6      | Learned a level 4 spell: Cause Fear
  6890 | D:6      | Reached skill level 5 in Fighting
  7405 | D:7      | Noticed Prince Ribbit
  7481 | D:7      | Found a radiant altar of Vehumet.
  7694 | D:7      | Reached skill level 5 in Dodging
  8086 | D:7      | Noticed Menkaure
  8092 | D:7      | Killed Menkaure
  8092 | D:7      | Reached *** piety under Okawaru
  8367 | D:8      | Reached skill level 1 in Evocations
  8374 | D:8      | Found Qawn's Magic Scroll Shoppe.
  8399 | D:8      | Bought a scroll of fog for 28 gold pieces
  8399 | D:8      | Bought a scroll of remove curse for 42 gold pieces
  8416 | D:8      | Noticed a two-headed ogre
  8423 | D:8      | Killed a two-headed ogre
  8423 | D:8      | Received a gift from Okawaru
  8423 | D:8      | Reached **** piety under Okawaru
  8423 | D:8      | Reached skill level 7 in Crossbows
  8423 | D:8      | Reached XP level 10. HP: 60/60 MP: 11/14
  8448 | D:8      | Found a snail-covered altar of Cheibriados.
  8670 | D:8      | Found an opulent altar of Gozag.
  8698 | D:8      | Reached skill level 8 in Crossbows
  8785 | D:8      | Found Lidghume's Distillery.
  8927 | D:8      | Found a shimmering altar of Xom.
  8939 | D:8      | Reached skill level 9 in Crossbows
  9140 | D:8      | Noticed a two-headed ogre
  9201 | D:8      | Received a gift from Okawaru
  9380 | D:8      | Found Boogoddi's Book Shop.
  9696 | D:9      | Noticed a two-headed ogre
  9736 | D:9      | Killed a two-headed ogre
  9736 | D:9      | Reached skill level 10 in Crossbows
  9923 | D:9      | Received a gift from Okawaru
 10025 | D:9      | Identified the cursed +1 hunting sling of Infinite Pain
                  | {flame, +Fly Str+2}
 10042 | D:9      | Got a bronze leather armour
 10043 | D:9      | Identified the +4 leather armour of Democracy {+Blink rElec
                  | MR+} (You found it on level 9 of the Dungeon)
 10250 | D:10     | Entered Level 10 of the Dungeon
 10370 | D:10     | Noticed a gargoyle
 10767 | D:10     | Reached XP level 11. HP: 60/62 MP: 16/16
 11192 | D:10     | Reached ***** piety under Okawaru
 11430 | D:5      | Killed Blork the orc
 11662 | D:5      | Killed Duvessa
 11663 | D:5      | Killed Dowan
 11947 | D:7      | Killed Prince Ribbit
 12133 | D:8      | Bought a potion of brilliance for 52 gold pieces
 12165 | D:8      | Bought a scroll of identify for 28 gold pieces
 12165 | D:8      | Bought a scroll of identify for 28 gold pieces
 12244 | D:11     | Noticed a death yak
 12244 | D:11     | Noticed a death yak
 12524 | D:11     | Noticed a four-headed hydra
 12529 | D:11     | Noticed a two-headed ogre
 12659 | D:10     | Killed a two-headed ogre
 12858 | D:11     | Found a staircase to the Orcish Mines.
 13014 | D:11     | Noticed a cyclops
 13025 | D:11     | Killed a cyclops
 13463 | D:11     | Noticed a death yak
 13616 | D:11     | Killed a death yak
 13616 | D:11     | Received a gift from Okawaru
 13616 | D:11     | Reached skill level 1 in Maces & Flails
 13636 | D:11     | Killed a death yak
 13646 | D:11     | Killed a death yak
 13871 | D:11     | Found a staircase to the Lair.
 14015 | D:11     | Killed a four-headed hydra
 14015 | D:11     | Received a gift from Okawaru
 14015 | D:11     | Reached skill level 5 in Maces & Flails
 14015 | D:11     | Reached XP level 12. HP: 38/71 MP: 18/18
 14354 | D:11     | Upgraded the game from 0.25-a0-857-g60a0bcd8b5 to
                  | 0.25-a0-860-gf695395b5c
 14395 | Lair:1   | Entered Level 1 of the Lair of Beasts
 14423 | Lair:1   | Noticed Urug
 14443 | Lair:1   | Received a gift from Okawaru
 14444 | Lair:1   | Got a bloodstained arbalest {god gift}
 14581 | Lair:1   | Identified the +1 arbalest of Dishonesty {elec, rF+ SInv}
                  | (Okawaru gifted it to you on level 1 of the Lair of Beasts)
 14603 | Lair:1   | Noticed a minotaur
 14613 | Lair:1   | Found a runed translucent gate.
 14613 | Lair:1   | Found a runed translucent gate.
 14613 | Lair:1   | Found a runed translucent gate.
 14807 | Lair:1   | Noticed Lavandula's ghost (journeyman VSCK)
 15330 | Lair:1   | Reached skill level 11 in Crossbows
 15490 | Lair:1   | Reached skill level 12 in Crossbows
 15926 | Lair:1   | Killed Urug
 16297 | Lair:2   | Received a gift from Okawaru
 16649 | Lair:2   | Reached skill level 13 in Crossbows
 16855 | Lair:2   | Received a gift from Okawaru
 17865 | Lair:3   | Received a gift from Okawaru
 18105 | Lair:3   | Found a staircase to the Shoals.
 18239 | Lair:3   | Reached XP level 13. HP: 78/78 MP: 19/19
 18258 | Lair:3   | Found a runed translucent door.
 18283 | Lair:3   | Reached skill level 14 in Crossbows
 18322 | Lair:3   | Reached skill level 1 in Armour
 18771 | Lair:3   | Noticed a five-headed hydra
 18784 | Lair:3   | Killed a five-headed hydra
 19039 | Lair:3   | Received a gift from Okawaru
 19160 | Lair:3   | Noticed Weocefet's ghost (journeyman DDFi)
 19332 | Lair:4   | Found a staircase to the Snake Pit.
 19332 | Lair:4   | Noticed an eight-headed hydra
 19379 | Lair:4   | Killed an eight-headed hydra
 19594 | Lair:4   | Found a runed translucent gate.
 19595 | Lair:4   | Found a runed translucent gate.
 19596 | Lair:4   | Found a runed translucent gate.
 20488 | Lair:4   | Noticed kMk's ghost (journeyman DrIE)
 20514 | Lair:4   | Noticed an ice dragon
 20567 | Lair:4   | Reached skill level 10 in Fighting
 21235 | Lair:5   | Reached skill level 5 in Armour
 21611 | Lair:5   | Reached skill level 5 in Stealth
 21714 | Lair:5   | Reached skill level 5 in Evocations
 21735 | Lair:5   | Received a gift from Okawaru
 21992 | Lair:5   | Found an iron altar of Okawaru.
 22099 | Lair:5   | Identified the Tome of Unstable Boosts
 22279 | Lair:5   | Noticed a four-headed hydra
 22282 | Lair:5   | Killed a four-headed hydra
 22313 | Lair:5   | Reached XP level 14. HP: 88/88 MP: 20/20
 22356 | Lair:5   | Received a gift from Okawaru
 22906 | Lair:6   | Entered Level 6 of the Lair of Beasts
 23340 | Lair:6   | Found a staircase to the Slime Pits.
 23341 | Lair:6   | Found a viscous altar of Jiyva.
 23535 | Lair:6   | Identified the +1 scale mail of the Louse {Str+3} (You
                  | found it on level 6 of the Lair of Beasts)
 23937 | Lair:6   | Slain by a spriggan rider

Levels and vault maps discovered:
D:1:      onia_arrival_handbag, layout_loops_ring
D:2:      layout_rooms, serial_bayou_pond_e, kennysheep_generic_room_6,
          uniq_jessica
D:3:      kennysheep_the_goblin_king, layout_basic
D:4:      layout_loops_ring, minmay_temple_entry_sparse_star, first_ration,
          uniq_pikel
D:5:      layout_cave_pools, uniq_blork_the_orc, uniq_duvessa
D:6:      layout_layer_cave, kennysheep_small_circle
D:7:      layout_loops_ring, vehumet_statue, kennysheep_nondescript,
          uniq_menkaure, uniq_prince_ribbit1
D:8:      layout_basic, xom_butterflies, grunt_gozag_breadcrumbs,
          kennysheep_little_box, serial_shops, shop,
          nicolae_shop_competitors_out_of_business, shop, grunt_livestock,
          minmay_misc_feat_iff
D:9:      layout_cross
D:10:     layout_gridville, minmay_misc_feat_plants
D:11:     layout_loops_corners, dpeg_lair_monsters, orc_0_dummy,
          minmay_misc_feat_square, bh_circular_ruins
Temple:   dpeg_five_rooms_temple
Lair:1:   layout_hall_layers, maelrawn_ghost_gauntlet_escape,
          chequers_serial_rivers_micro_c, uniq_urug
Lair:2:   layout_layer_cave, serial_bayou_shore_a
Lair:3:   layout_gridlike, elwin_shoals_entry_rocks,
          ebering_ghost_reflecting_pool, special_room [special_room_bee]
Lair:4:   layout_regular_city, minmay_snake_entry_six_corridors,
          gammafunk_ghost_icy, st_stairs_9, minmay_lair_oklob_chamber,
          serial_bayou_shore_b
Lair:5:   layout_cave_pods, basic_altar, beast_lair_carwin_3, lemuel_fruit_tree
Lair:6:   minmay_lair_end_enchanted_forest, layout_loops_ring, slime_altar_1

Skill      XL: |  1  2  3  4  5  6  7  8  9 10 11 12 13 14 |
---------------+-------------------------------------------+-----
Crossbows      | 3 4 5 6 7 10 13 14 | 14.0
Fighting       | 3 4 6 8 10 | 10.0
Spellcasting   | 2 3 4 |  4.0
Hexes          | 4 6 8 |  8.0
Invocations    | 4 6 7 9 |  9.2
Stealth        | 2 4 6 8 |  8.0
Dodging        | 3 6 8 |  8.0
Evocations     | 4 6 |  6.0
Shields        | 4 |  4.0
Maces & Flails | 5 6 |  6.0
Armour         | 5 |  5.0

Action                   |  1- 3 |  4- 6 |  7- 9 | 10-12 | 13-15 || total
-------------------------+-------+-------+-------+-------+-------++-------
Melee: Short sword       |    72 |       |       |       |       ||    72
       Spear             |    20 |   151 |       |       |       ||   171
       Flail             |       |    77 |   244 |       |       ||   321
       Morningstar       |       |       |       |   415 |   108 ||   523
       Punch             |       |       |       |       |     4 ||     4
       Arbalest          |       |       |       |       |     1 ||     1
       Eveningstar       |       |       |       |       |    73 ||    73
 Fire: Hand crossbow     |    38 |    79 |    67 |   323 |       ||   507
       Arbalest          |       |       |       |    52 |   275 ||   327
Throw: Dart              |       |       |     4 |       |       ||     4
       Boomerang         |       |       |       |     5 |       ||     5
 Cast: Corona            |    19 |    30 |    19 |     2 |       ||    70
       Slow              |       |     3 |     7 |    27 |     4 ||    41
       Portal Projectile |       |       |       |     2 |     3 ||     5
       Cause Fear        |       |       |       |     3 |       ||     3
Invok: Heroism           |       |       |       |    13 |     7 ||    20
       Finesse           |       |       |       |     4 |       ||     4
 Abil: Evoke Blink       |       |       |       |     1 |     1 ||     2
Evoke: Wand              |       |       |     3 |     5 |       ||     8
       Phial of floods   |       |       |       |     1 |       ||     1
  Use: Scroll            |       |     2 |    12 |    14 |     9 ||    37
       Potion            |       |       |     2 |     5 |       ||     7
 Stab: Sleeping          |     2 |       |     2 |     9 |     3 ||    16
       Distracted        |       |     1 |       |     1 |       ||     2
  Eat: Chunk             |    10 |    11 |    15 |    40 |    23 ||    99
Armor: Robe              |     1 |       |       |       |       ||     1
       Leather armour    |    28 |    72 |    72 |    83 |    57 ||   312
       Skin              |       |       |       |    70 |       ||    70
Dodge: Dodged            |   111 |   202 |   246 |   506 |   278 ||  1343
Block: Buckler           |       |       |       |   158 |       ||   158
       Reflection        |       |       |       |     3 |       ||     3
       Other             |       |       |       |    41 |    88 ||   129

Table legend:
 A = Non-vault XP
 B = Vault XP
 C = Vault XP percentage of total XP
 D = Non-vault monster count
 E = Vault monster count
 F = Vault count percentage of total count
                 A         B        C        D         E       F
            +---------+---------+-------+---------+---------+-------
      Total |   40251 |   12847 |  24.2 |     319 |      85 |  21.0
            +---------+---------+-------+---------+---------+-------
        D:1 |      56 |      10 |  15.2 |      23 |       4 |  14.8
        D:2 |      42 |      41 |  49.4 |      20 |       4 |  16.7
        D:3 |     190 |      45 |  19.1 |      33 |       7 |  17.5
        D:4 |     312 |     673 |  68.3 |      12 |       1 |   7.7
        D:5 |     408 |     322 |  44.1 |      13 |       3 |  18.8
        D:6 |     782 |      43 |   5.2 |      23 |       2 |   8.0
        D:7 |     288 |     478 |  62.4 |       8 |       3 |  27.3
        D:8 |    1897 |       0 |   0.0 |      31 |       0 |   0.0
        D:9 |    2022 |       0 |   0.0 |      12 |       0 |   0.0
       D:10 |    3531 |       0 |   0.0 |      22 |       0 |   0.0
       D:11 |    2813 |    2541 |  47.5 |      15 |       4 |  21.1
     Lair:1 |    4912 |     796 |  13.9 |      22 |       1 |   4.3
     Lair:2 |    2826 |     129 |   4.4 |      14 |       2 |  12.5
     Lair:3 |    3520 |    1363 |  27.9 |      11 |      18 |  62.1
     Lair:4 |    5050 |    1809 |  26.4 |      21 |      16 |  43.2
     Lair:5 |    9076 |    1618 |  15.1 |      31 |       5 |  13.9
     Lair:6 |    2526 |    2979 |  54.1 |       8 |      15 |  65.2
            +---------+---------+-------+---------+---------+-------
